 Dungeon Crawl Stone Soup version 0.32-a0-998-g15e7c00 (webtiles) character file.

Game seed: 15201268059596229372

3276529 bochi the Conqueror (level 27, 323/323 HPs)
             Began as an Oni Ice Elementalist on Apr 23, 2024.
             Was the Champion of Cheibriados.
             Escaped with the Orb
             ... and 5 runes on Apr 24, 2024!
             The game lasted 02:20:36 (74224 turns).

bochi the Conqueror (Oni Ice Elementalist)         Turns: 74224, Time: 02:20:37

Health: 323/323    AC: 40    Str: 52 (53) XL:     27
Magic:  54/54      EV: 17    Int: 45      God:    Cheibriados [******]
Gold:   10018      SH:  4    Dex: 19      Spells: 47/80 levels left

rFire   + + +        b - +9 giant spiked club "Tofiu" {heavy, rCorr Dex+2}
rCold   + + .        (shield currently unavailable)
rNeg    + + +        U - +12 gold dragon scales
rPois   ∞            T - +3 crown of Dyrovepreva {rElec Int+2 SInv}
rElec   +            p - +2 cloak of the Eternal Fruit {Str+3 Dex+2}
rCorr   +            (gloves unavailable)
SInv    +            (boots unavailable)
Will    +++..        S - amulet of magic regeneration Stlth
                     v - ring "Zetiwku" {rF+++ Str+2 Int+6 Dex-3 Slay+5}
HPRegen 0.73/turn    o - ring "Puanluk" {rN+ rCorr Str+4 Int+2 Dex-5}
MPRegen 0.74/turn

%: no passive effects
@: death-form, studying 5 skills, very slow
A: vile attack, torment immunity, no potions, large, unfitting armour, horns 1,
tough skin 1, double potion healing, drunken brawling, large bone plates 1,
clever 1, deterioration 1, sense surroundings 1, poison resistance
0: Orb of Zot
}: 5/15 runes: decaying, slimy, silver, golden, gossamer
a: Siphon Essence, Begin Untransformation, Renounce Religion, Bend Time,
Temporal Distortion, Slouch, Step From Time


You escaped.
You worshipped Cheibriados.
Cheibriados was exalted by your worship.
You were an undying horror.
You visited 13 branches of the dungeon, and saw 59 of its levels.
You visited the Abyss 1 time.
You completed 1 ziggurat, and saw 27 of its levels.
You also visited: Trove and Gauntlet.

You collected 13255 gold pieces.
You spent 3237 gold pieces at shops.

Inventory:

Hand Weapons
 b - the +9 giant spiked club "Tofiu" (weapon) {heavy, rCorr Dex+2}
   (You acquired it on level 1 of the Orcish Mines)

   Dex+2:     It affects your dexterity (+2).
   rCorr:     It protects you from acid and corrosion.
Missiles
 k - 2 curare-tipped darts
Armour
 p - the +2 cloak of the Eternal Fruit (worn) {Str+3 Dex+2}
   (You found it on level 5 of the Vaults)

   Str+3:     It affects your strength (+3).
   Dex+2:     It affects your dexterity (+2).
 T - the +3 crown of Dyrovepreva (worn) {rElec Int+2 SInv}
   (You acquired it on level 4 of the Vaults)

   Int+2:     It affects your intelligence (+2).
   rElec:     It insulates you from electricity.
   SInv:      It lets you see invisible.
 U - +12 gold dragon scales (worn)
Jewellery
 o - the ring "Puanluk" (right hand) {rN+ rCorr Str+4 Int+2 Dex-5}
   (You found it on level 16 of a ziggurat)

   [ring of positive energy]

   Str+4:     It affects your strength (+4).
   Int+2:     It affects your intelligence (+2).
   Dex-5:     It affects your dexterity (-5).
   rN+:       It protects you from negative energy.
   rCorr:     It protects you from acid and corrosion.
 r - the ring of the Mage {Wiz Archmagi}
   (You found it on level 24 of a ziggurat)

   [ring of wizardry]

   Wiz:       It improves your spell success rate.
   Archmagi:  It increases the power of your magical spells.
 v - the ring "Zetiwku" (left hand) {rF+++ Str+2 Int+6 Dex-3 Slay+5}
   (You found it on level 5 of the Vaults)

   [ring of intelligence]

   Str+2:     It affects your strength (+2).
   Int+6:     It affects your intelligence (+6).
   Dex-3:     It affects your dexterity (-3).
   Slay+5:    It affects your accuracy & damage with ranged weapons and melee
   (+5).
   rF+++:     It renders you almost immune to fire.
 y - the amulet "Latuink" {Will- Regen+ Str+3 Slay+3}
   (You found it on level 3 of the Tomb of the Ancients)

   [amulet of regeneration]

   Str+3:     It affects your strength (+3).
   Slay+3:    It affects your accuracy & damage with ranged weapons and melee
   (+3).
   Will-:     It decreases your willpower.
   Regen+:    It increases your rate of health regeneration.
 G - a ring of resist corrosion
 P - the amulet of the Air {Inacc Air Fly rElec RMsl}
   (You found it on level 20 of a ziggurat)

   [amulet of nothing]

   Inacc:     It reduces the accuracy of your attacks and spells.
   Air:       It enhances your air magic.
   rElec:     It insulates you from electricity.
   Fly:       It grants you flight.
   RMsl:      It protects you from missiles.
 S - an amulet of magic regeneration (around neck)
Talismans
 O - a talisman of death (active)
Wands
 n - a wand of charming (136)
 q - a wand of digging (27)
 C - a wand of mindburst (66)
 J - a wand of acid (77) (quivered)
 N - a wand of polymorph (46)
 Z - a wand of warping (149)
Scrolls
 c - 20 scrolls of amnesia
 g - 15 scrolls of poison
 h - 23 scrolls of fog
 l - 48 scrolls of teleportation
 m - 12 scrolls of fear
 w - 13 scrolls of vulnerability
 x - 5 scrolls of silence
 E - 11 scrolls of immolation
 F - 16 scrolls of blinking
 I - 9 scrolls of revelation
 V - 5 scrolls of summoning
Potions
 a - 4 potions of attraction
 d - 33 potions of curing
 e - 2 potions of ambrosia
 f - 5 potions of brilliance
 i - 2 potions of resistance
 s - 10 potions of might
 u - 15 potions of heal wounds
 A - 29 potions of mutation
 B - 9 potions of lignification
 K - 11 potions of cancellation
 M - 3 potions of invisibility
 R - 10 potions of enlightenment
Miscellaneous
 j - a Gell's gravitambourine (2/2)
 t - a phantom mirror
 z - 2 +1 figurines of a ziggurat
 D - a lightning rod (4/4)
 H - a box of beasts
 Y - a tin of tremorstones (2/2)


   Skills:
 O Level 27 Fighting
 O Level 27 Maces & Flails
 - Level 15.2 Armour
 - Level 21.4 Dodging
 - Level 1.4 Stealth
 O Level 27 Spellcasting
 * Level 21.0 Necromancy
 - Level 22.7 Translocations
 - Level 10.0 Ice Magic
 - Level 11.2 Evocations
 - Level 23.9 Shapeshifting


You had 47 spell levels left.
You knew the following spells:

 Your Spells              Type           Power      Damage    Failure   Level
a - Freeze                Ice            100%       1d10      1%          1
b - Frozen Ramparts       Ice            100%       1d16      1%          3
c - Sublimation of Blood  Necr           100%       N/A       0%          2
d - Lesser Beckoning      Tloc           100%       N/A       0%          2
e - Gell's Gavotte        Tloc           66%        2d(41-61) 0%          6
f - Death's Door          Necr           64%        N/A       21%         9
q - Ozocubu's Armour      Ice            100%       N/A       1%          3
z - Manifold Assault      Tloc           66%        N/A       1%          7

Your spell library contained the following spells:

 Spells                   Type           Power      Damage    Failure   Level
 Apportation              Tloc           100%       N/A       0%          1
 Kiss of Death            Conj/Necr      100%       2d13      0%          1
 Necrotise                Necr           100%       1d9       0%          1
 Blink                    Tloc           100%       N/A       0%          2
 Momentum Strike          Conj/Tloc      100%       3d10      0%          2
 Fugue of the Fallen      Necr           100%       N/A       0%          3
 Maxwell's Portable Pile  Tloc           100%       2d(15-43) 0%          3
 Teleport Other           Tloc           100%       N/A       0%          3
 Vampiric Draining        Necr           100%       2d13      0%          3
 Animate Dead             Necr           100%       N/A       0%          4
 Dispel Undead            Necr           100%       3d31      0%          4
 Passage of Golubria      Tloc           100%       N/A       0%          4
 Curse of Agony           Necr           100%       N/A       0%          5
 Foxfire                  Conj/Fire      100%       2x1d9     1%          1
 Magic Dart               Conj           100%       1d8       1%          1
 Sandblast                Erth           100%       2d20      1%          1
 Shock                    Conj/Air       100%       1d9       1%          1
 Slow                     Hex            100%       N/A       1%          1
 Sting                    Conj/Alch      100%       1d9       1%          1
 Summon Small Mammal      Summ           100%       N/A       1%          1
 Call Imp                 Summ           100%       N/A       1%          2
 Cigotuvi's Dreadful Rot  Necr/Alch/Air  100%       N/A       1%          2
 Jinxbite                 Hex            100%       N/A       1%          2
 Mercury Vapours          Alch/Air       100%       N/A       1%          2
 Scorch                   Fire           100%       2d9       1%          2
 Static Discharge         Conj/Air       100%       3-8/arc   1%          2
 Hailstorm                Conj/Ice       81%        3d14      1%          3
 Summon Ice Beast         Ice/Summ       81%        N/A       1%          3
 Volatile Blastmotes      Fire/Tloc      100%       2d18      1%          3
 Anguish                  Hex/Necr       50%        N/A       1%          4
 Dimensional Bullseye     Hex/Tloc       52%        N/A       1%          4
 Iskenderun's Mystic Bla  Conj/Tloc      100%       2d19      (+2d11%     4
 Martyr's Knell           Necr/Summ      100%       N/A       1%          4
 Vhi's Electric Charge    Tloc/Air       100%       N/A       1%          4
 Borgnjor's Vile Clutch   Necr/Erth      50%        N/A       1%          5
 Summon Forest            Summ/Tloc      52%        N/A       1%          5
 Death Channel            Necr           64%        N/A       1%          6
 Rimeblight               Ice/Necr       58%        2d10      (prim1%     7
 Borgnjor's Revivificati  Necr           64%        N/A       1%          8
 Infestation              Necr           64%        N/A       1%          8
 Call Canine Familiar     Summ           57%        N/A       3%          3
 Confusing Touch          Hex            57%        N/A       3%          3
 Dazzling Flash           Conj/Hex       100%       N/A       3%          3
 Inner Flame              Hex/Fire       57%        N/A       3%          3
 Mephitic Cloud           Conj/Alch/Air  57%        N/A       3%          3
 Sigil of Binding         Hex            57%        N/A       3%          3
 Swiftness                Air            57%        N/A       3%          3
 Tukima's Dance           Hex            57%        N/A       3%          3
 Metabolic Englaciation   Hex/Ice        40%        N/A       4%          5
 Freezing Cloud           Conj/Ice/Air   37%        6-21      9%          5
 Airstrike                Air            28%        2d(5-21)  11%         4
 Animate Armour           Summ/Erth      100%       N/A       11%         4
 Brom's Barrelling Bould  Conj/Erth      57%        2d7       11%         4
 Cause Fear               Hex            28%        N/A       11%         4
 Flame Wave               Conj/Fire      57%        2d14      11%         4
 Fulminant Prism          Conj/Alch      28%        3d14      11%         4
 Ignite Poison            Fire/Alch      57%        N/A       11%         4
 Leda's Liquefaction      Alch/Erth      28%        N/A       11%         4
 Olgreb's Toxic Radiance  Alch           57%        N/A       11%         4
 Petrify                  Alch/Erth      57%        N/A       11%         4
 Sticky Flame             Fire/Alch      57%        2d10      11%         4
 Summon Blazeheart Golem  Fire/Summ      57%        N/A       11%         4
 Summon Lightning Spire   Summ/Air       57%        N/A       11%         4
 Haunt                    Necr/Summ      50%        N/A       13%         7
 Ozocubu's Refrigeration  Ice            50%        4d18      16%         7
 Permafrost Eruption      Ice/Erth       40%        2x4d9     22%         6
 Sculpt Simulacrum        Ice/Alch       40%        N/A       22%         6
 Alistair's Intoxication  Alch           38%        N/A       30%         5
 Fireball                 Conj/Fire      28%        3d12      30%         5
 Irradiate                Conj/Alch      28%        3d21      30%         5
 Iskenderun's Battlesphe  Conj           57%        2d11      30%         5
 Lee's Rapid Deconstruct  Erth           28%        3d15*     30%         5
 Silence                  Hex/Air        28%        N/A       30%         5
 Summon Mana Viper        Hex/Summ       57%        N/A       30%         5
 Yara's Violent Unravell  Hex/Alch       28%        3d12      30%         5
 Bombard                  Conj/Erth      28%        9d5       86%         6
 Conjure Ball Lightning   Conj/Air       28%        3x3d8     86%         6
 Eringya's Noxious Bog    Alch           28%        4d6       86%         6
 Plasma Beam              Fire/Air       28%        2x1d41    86%         6
 Starburst                Conj/Fire      28%        6d9       86%         6
 Summon Cactus Giant      Summ           28%        N/A       86%         6
 Enfeeble                 Hex            28%        N/A       100%        7
 Magnavolt                Erth/Air       28%        3d16      100%        7
 Orb of Destruction       Conj           28%        9d9       100%        7
 Seismic Cannonade        Alch/Erth      28%        6d11      100%        7
 Spellforged Servitor     Conj/Summ      28%        N/A       100%        7
 Summon Hydra             Summ           28%        N/A       100%        7
 Discord                  Hex            28%        N/A       100%        8
 Fulsome Fusillade        Conj/Alch      28%        (3-5)d10  100%        8
 Ignition                 Fire           28%        3d9       100%        8
 Lehudib's Crystal Spear  Conj/Erth      28%        10d8      100%        8
 Maxwell's Capacitive Co  Air            28%        ∞         100%        8
 Dragon's Call            Summ           28%        N/A       100%        9
 Fire Storm               Conj/Fire      28%        8d7       100%        9
 Polar Vortex             Ice            50%        12d6*     100%        9


Dungeon Overview and Level Annotations

Branches:
Dungeon (15/15)            Temple (1/1) D:7            Lair (5/5) D:10
  Swamp (4/4) Lair:2       Spider (4/4) Lair:2        Slime (5/5) Lair:5
    Orc (2/2) D:11            Elf (3/3) Orc:2        Vaults (5/5) D:13
  Crypt (3/3) Vaults:2       Tomb (3/3) Crypt:3      Depths (4/4) D:15
    Zot (5/5) Depths:4    Gauntlet (visited)

Altars:
Ashenzari
Cheibriados
Dithmenos
Elyvilon
Fedhas
Gozag
Hepliaklqana
Kikubaaqudgha
Makhleb
Nemelex Xobeh
Okawaru
Qazlal
Ru
Sif Muna
Trog
Uskayaw
Vehumet
Wu Jian
Xom
Yredelemnul
Zin
The Shining One
Beogh
Jiyva
Lugonu

Shops:
D:1 (   D:2 [   D:4 (   D:6 (*(*   D:10 ?   D:12 (   Orc:2 [[:[   Elf:2 =:=
Elf:3 (   Vaults:5 (   Depths:1 *   Depths:2 :*

Portals:
Hell: Depths:1 Depths:2 Depths:3 Depths:4
Abyss: Lair:5 Zot:5 Depths:1 Depths:3
Pandemonium: Depths:2 Depths:4

Annotations:
D:7 3 runed translucent doors, yapang's ghost, novice DrCj
Lair:3 bochi's ghost, journeyman OnIE
Lair:4 2 transporters
Lair:5 2 transporters, diche's ghost, journeyman DEHu
Swamp:3 1 runed translucent door
Spider:3 3 runed translucent doors, Ammeur's ghost, adept HuFi
Orc:1 1 transporter


Innate Abilities, Weirdness & Mutations

You are an undying horror.
Your melee and unarmed attacks drain, slow and weaken victims.
You are immune to unholy pain and torment.
You cannot drink.
You are too large for most types of armour.
You have a pair of small horns on your head.
You have tough skin. (AC +1)
You gain doubled healing and magic from potions.
Whenever you drink a healing potion, you attack all around you.
You are partially covered in large bone plates. (SH +4)
Your mind is acute. (Int +4, Str/Dex -1)
Your body sometimes deteriorates upon taking damage.
You passively map a small area around you.
Your system is resistant to poisons. (rPois)


Message History

Confirm with . or Enter, or press ? or * to list all spells.
Okay, then.
Okay, then.
This spell is dangerous to cast!
You start memorising the spell.
You continue memorising. x9
You finish memorising.
Spell assigned to 'f'.
Press: ? - help, v - describe, . - travel A stone staircase leading up.
There is an entrance to Safager's General Store here.
There is a stone staircase leading up here.
You climb upwards.
There is a stone staircase leading down here.
Press: ? - help, . - travel You can't see that place. [a stone staircase leading up.]
There is an open door here.
You see here a +0 short sword.
There is a stone staircase leading up here.
You climb upwards.
There is a stone staircase leading down here.
Press: ? - help, v - describe, . - travel A stone staircase leading down.
This square is covered in magical glow.
Unknown command.
You see here a +0 dagger.
You see here 4 stones.
There is a stone staircase leading up here.
You climb upwards.
There is a stone staircase leading down here.
You see here a +0 whip.
There is a stone staircase leading up here.
You climb upwards.
There is a stone staircase leading down here.
You see here a ball python skeleton.
There is a stone staircase leading up here.
You climb upwards.
There is a stone staircase leading down here.
You enter the shallow water.
There is a staircase leading out of the dungeon here.
You have escaped!

#### #≈≈≈###
#≈≈≈≈## #≈≈≈≈#
#####≈≈≈##########
.....~≈≈~.......z#
......≈≈~........#
......~≈≈........#
......~≈≈~.......#
......~≈≈~.......#
......≈~≈~.......#
.......~≈~.......#
.......~≈~.......#
.......~≈~~.....>#


There were no monsters in sight!

Vanquished Creatures
  the Royal Jelly (Slime:5)
  A seraph (Depths:4)
  2 dread liches
  Khufu (Tomb:3)
  5 orbs of fire
  8 ancient liches
  Xtahua (Vaults:4)
  2 juggernauts
  Vv (Zot:4)
  Josephina (Depths:4)
  40 royal mummies
  19 Killer Klowns
  Parghit (Depths:4)
  4 curse toes
  16 pandemonium lords
  4 caustic shrikes
  16 golden dragons
  the Enchantress (Depths:1)
  2 profane servitors (Zig:26)
  9 Tzitzimimeh (Zig:26)
  13 bone dragons
  2 electric golems (Zot:5)
  10 doom hounds (Zig:26)
  24 tentacled monstrosities
  8 Brimstone Fiends
  6 tainted leviathans
  7 hellephants
  28 Orb Guardians
  2 iron giants (Zig:5)
  2 Ice Fiends
  A walking earthen tome (Depths:4)
  3 Hell Sentinels
  18 liches
  7 titans
  12 quicksilver dragons
  7 deep elf master archers
  A walking crystal tome (Depths:3)
  2 walking divine tomes
  2 quicksilver dragons (shapeshifter) (Zig:24)
  An Executioner (D:9)
  21 ancient champions
  22 searing wretches
  9 deep elf blademasters
  13 sphinxes
  3 walking frostbound tomes (Depths:3)
  10 death cobs
  31 acid blobs
  6 shadow dragons
  10 tengu reavers
  10 storm dragons
  4 thorn hunters
  Gastronok (Lair:2)
  3 fenstrider witches (Swamp:3)
  17 rockslimes
  15 azure jellies
  An azure jelly (shapeshifter) (Zig:24)
  Aizul (Elf:1)
  6 draconian monks
  8 protean progenitors
  11 fire giants
  10 deep elf sorcerers
  5 revenants
  A nargun (Zig:2)
  20 nagarajas
  7 draconian knights
  4 deep elf elementalists (Elf:3)
  15 emperor scorpions
  2 juggernaut zombies
  16 frost giants
  13 vault wardens
  4 iron dragons
  2 daevas
  11 draconian shifters
  A fire giant (shapeshifter) (Zig:24)
  3 ghouls
  12 ghost moths
  16 draconian scorchers
  11 balrugs
  3 caustic shrike zombies
  2 cacodemons
  19 ironbound preservers
  7 draconian stormcallers
  2 curse skulls
  18 quicksilver oozes
  An angel (Depths:4)
  20 stone giants
  19 very ugly things
  18 draconian annihilators
  10 broodmothers
  6 spriggan defenders
  7 formless jellyfish
  5 orc warlords
  4 reapers
  A demonspawn blood saint (Zot:5)
  6 ironbound thunderhulks
  4 juggernaut skeletons
  6 eleionomae
  10 vampire knights
  An eleionoma (shapeshifter) (Zig:24)
  14 black draconians
  14 deep elf demonologists
  A spectral titan (Zig:26)
  9 green draconians
  8 deep elf death magi
  2 lorocyprocas
  20 bennus
  12 purple draconians
  6 putrid mouths (Zig:26)
  3 bunyips
  2 demonspawn black suns (Zig:22)
  18 white draconians
  18 deep elf annihilators
  7 dire elephants
  14 red draconians
  16 spark wasps
  10 yellow draconians
  A minotaur (Gauntlet)
  3 war gargoyles
  2 blizzard demons
  7 eidola
  Snorg (D:14)
  A merfolk javelineer (Depths:2)
  16 jiangshi
  8 ettins
  16 entropy weavers
  19 fire dragons
  4 crystal guardians
  A fire dragon (shapeshifter) (Zig:24)
  33 mummy priests
  An entropy weaver (shapeshifter) (Elf:3)
  A spriggan zombie (Zig:22)
  3 green deaths
  15 great orbs of eyes
  9 shambling mangroves
  A spectral spriggan (Zig:26)
  A spectral tengu (Zig:26)
  13 deep elf high priests
  12 yaktaur captains
  17 salamander tyrants
  5 jorogumos
  27 vault guards
  20 hydras
  12 ice dragons
  3 spriggan skeletons
  6 rakshasas
  A sphinx zombie (Crypt:1)
  4 peacekeepers
  8 ironbound frosthearts
  2 catoblepae
  6 spriggan air magi
  The ghost of dunhillx the Magician, a novice OnAl of Xom (D:10)
  7 alligators
  7 ogre magi
  A bennu zombie (Crypt:1)
  An anaconda (Zig:12)
  15 centaur warriors
  37 dancing weapons
  2 satyrs (Zig:24)
  3 stokers
  A two-headed ogre (shapeshifter) (Zig:24)
  64 death scarabs
  9 radroaches
  9 boulder beetles
  A titan zombie (Zig:22)
  9 deep troll shamans
  A sphinx skeleton (Vaults:2)
  10 vampire magi
  15 demonic crawlers
  9 orc high priests
  11 two-headed ogres
  4 death yaks (Lair:5)
  7 hell hogs
  Urug (Lair:5)
  6 occultists
  6 naga sharpshooters
  14 tengu warriors
  6 shock serpents
  5 thrashing horrors
  31 deep elf knights
  14 spriggan berserkers
  9 deep troll earth magi
  Nergalle (Lair:3)
  An emperor scorpion zombie (Tomb:2)
  8 naga warriors
  A storm dragon zombie (Crypt:2)
  3 sun demons
  7 hell knights
  12 iron trolls
  5 soul eaters
  A salamander mystic (Zig:20)
  An iron troll (shapeshifter) (Zig:24)
  A spatial maelstrom (Zig:6)
  A wretched star (Zig:6)
  7 pharaoh ants
  4 sixfirhies
  50 skeletal warriors
  39 deep trolls
  3 goliath frogs
  18 deep elf archers
  2 shadow wraiths
  8 glowing orange brains
  2 glowing orange brains (shapeshifter)
  4 flayed ghosts
  3 spriggan druids
  10 swamp dragons
  11 orb spiders
  5 mana vipers
  A storm dragon skeleton (Vaults:2)
  A sea snake (shapeshifter) (Depths:4)
  17 ironbound convokers
  11 arcanists
  5 sun moths
  9 necromancers
  An orb spider (shapeshifter) (Zig:24)
  8 bog bodies
  9 thermic dynamos
  A golden dragon skeleton (Zig:14)
  2 tengu zombies
  3 naga ritualists
  5 harpies
  2 shadow dragon zombies (Zig:22)
  A spriggan simulacrum (Crypt:1)
  5 obsidian bats
  10 orc knights
  An alligator zombie (Crypt:2)
  46 deep elf pyromancers
  32 deep elf zephyrmancers
  5 steelbarb worms
  20 phantasmal warriors
  2 human zombies (Vaults:4)
  6 large abominations
  A lindwurm (Vaults:2)
  15 orc sorcerers
  17 oklob plants (Zig:21)
  41 ugly things
  2 tengu skeletons (Vaults:2)
  37 wolf spiders
  A shadow dragon skeleton (Crypt:1)
  10 shining eyes
  2 will-o-the-wisps
  A manticore (shapeshifter) (Zig:24)
  A cyclops (shapeshifter) (Vaults:5)
  A broodmother zombie (Crypt:2)
  2 stone giant zombies
  9 cyclopes
  2 manticores
  Maurice (D:9)
  A frost giant zombie (Depths:1)
  A shining eye (shapeshifter) (Depths:4)
  A worldbinder (Abyss:3)
  An iron dragon skeleton (Zig:14)
  3 meliai (Spider:2)
  A moth of wrath (shapeshifter) (Vaults:5)
  36 moths of wrath
  A meliai (shapeshifter) (D:14)
  8 guardian serpents
  6 elephants
  21 vault sentinels
  A toenail golem (D:12)
  A black mamba (shapeshifter) (Depths:4)
  5 eyes of devastation
  A molten gargoyle (Lair:5)
  3 stone giant skeletons
  20 torpor snails
  3 water nymphs (shapeshifter) (Zig:24)
  21 black mambas
  17 kobold blastminers
  2 apocalypse crabs (Zig:24)
  4 smoke demons
  12 naga magi
  10 cane toads
  Jeremiah (D:9)
  An alligator snapping turtle zombie (Crypt:1)
  2 unseen horrors
  15 hellions
  2 titan simulacra
  2 rime drakes
  3 kobold demonologists (D:9)
  A yellow draconian zombie (Crypt:3)
  7 tormentors
  2 efreet
  4 freezing wraiths
  An ancient zyme (Abyss:3)
  A catoblepas skeleton (Crypt:1)
  73 guardian mummies
  An ice devil (Depths:4)
  3 tengu conjurers
  2 alligator snapping turtle skeletons (Crypt:3)
  8 komodo dragons
  A yaktaur skeleton (Vaults:4)
  25 yaktaurs
  3 harpy zombies
  A purple draconian skeleton (Crypt:2)
  2 merfolk (shapeshifter)
  A silent spectre (Zig:26)
  10 trolls
  A great orb of eyes zombie (Crypt:1)
  4 bloated husks
  6 polar bears
  32 jumping spiders
  30 tarantellas
  A harpy skeleton (Crypt:3)
  An iron dragon simulacrum (Crypt:2)
  18 hornets
  9 glass eyes
  A raiju (shapeshifter) (Zig:24)
  A hellwing (Gauntlet)
  A hornet (shapeshifter) (D:14)
  A tengu simulacrum (Depths:1)
  6 tyrant leeches
  A death drake skeleton (Crypt:1)
  A polar bear (shapeshifter) (D:13)
  25 blink frogs
  A raiju (Lair:5)
  A radroach zombie (Crypt:1)
  A dream sheep (shapeshifter) (D:14)
  A satyr zombie (Crypt:2)
  A stone giant simulacrum (Depths:1)
  A hydra skeleton (Crypt:3)
  Prince Ribbit (Lair:2)
  A snapping turtle (shapeshifter) (Depths:1)
  A centaur simulacrum (Crypt:3)
  132 slime creatures
  A culicivora (shapeshifter) (Depths:1)
  An ettin skeleton (Crypt:2)
  9 air elementals
  6 water elementals
  4 wyverns
  6 vampires
  12 wraiths
  35 yaks
  5 shadows
  A wyvern (shapeshifter) (Depths:4)
  2 ynoxinuls
  16 culicivoras
  8 spriggans
  2 dire elephant simulacra (Crypt:2)
  4 fire bats (Lair:5)
  9 basilisks
  3 neqoxecs
  26 fire elementals
  4 starcursed masses (Zig:6)
  An elf skeleton (Vaults:2)
  27 ushabtiu
  14 wargs
  2 golden eyes (Slime:2)
  3 steam dragons
  16 vampire mosquitoes
  Menkaure (D:5)
  69 redbacks
  2 chaos spawn (Lair:5)
  An elf simulacrum (Vaults:4)
  12 swamp worms
  5 nagas
  A glowing shapeshifter zombie (Vaults:4)
  3 naga skeletons
  A glowing shapeshifter skeleton (Depths:3)
  12 water moccasins
  11 swamp drakes
  82 orc warriors
  4 black bears
  23 ogres
  An ice beast (D:7)
  17 laughing skulls
  2 crocodiles (shapeshifter)
  A tengu (shapeshifter) (Lair:5)
  A blink frog zombie (Crypt:1)
  15 centaurs
  8 wolves
  4 kobold brigands
  A gnoll sergeant (D:10)
  A rime drake skeleton (Crypt:3)
  12 bullfrogs
  6 human skeletons (Vaults:2)
  5 earth elementals
  A glowing shapeshifter simulacrum (Depths:4)
  A salamander skeleton (Crypt:2)
  A scorpion (D:5)
  12 small abominations
  4 wights (D:10)
  A yak zombie (Crypt:3)
  24 killer bees
  A raiju skeleton (Crypt:3)
  7 electric eels
  6 howler monkeys
  A quasit (Abyss:3)
  8 hounds
  3 jellies (D:12)
  27 orc priests
  A gnoll bouda (D:7)
  Crazy Yiuf (D:7)
  A basilisk skeleton (Crypt:3)
  A jelly (shapeshifter) (Elf:3)
  A sleepcap (D:6)
  4 iguanas
  32 orc wizards
  7 hell rats (Lair:1)
  An ogre skeleton (Crypt:1)
  95 mummies
  17 gnolls
  7 adders
  2 white imps (D:6)
  A howler monkey simulacrum (D:10)
  4 ufetubi
  An adder zombie (Crypt:3)
  2 dart slugs
  3 ribbon worms
  80 orcs
  9 ball pythons
  2 bats (D:1)
  6 endoplasms
  2 giant cockroaches
  3 goblins
  5 hobgoblins
  4 frilled lizards
  15 kobolds
  An orc zombie (Crypt:1)
  5 rats
  7 aspiring fleshes
3705 creatures vanquished.

Vanquished Creatures (collateral kills)
  An emperor scorpion (Spider:4)
  An orb spider (Spider:4)
  A culicivora (Spider:4)
  A redback (Spider:4)
4 creatures vanquished.

Vanquished Creatures (others)
  A fire giant (Depths:4)
  A draconian knight (Zot:1)
  A caustic shrike simulacrum (Depths:4)
  A steelbarb worm (Zig:27)
  A bog body (Crypt:2)
  A spriggan simulacrum (Depths:4)
  A bloated husk (Swamp:4)
  2 orc warriors
  A human (D:4)
  An orc priest (D:10)
  4 orcs (D:10)
  6 foxfires
  A lurking horror (Zot:5)
22 creatures vanquished.

Grand Total: 3731 creatures vanquished

Notes
Turn   | Place    | Note
-------+----------+-------------------------------------------
     0 | D:1      | bochi the Oni Ice Elementalist began the quest for the Orb.
     0 | D:1      | Reached XP level 1. HP: 16/16 MP: 3/3
   148 | D:1      | Reached skill level 1 in Fighting
   148 | D:1      | Reached XP level 2. HP: 24/27 MP: 1/5
   551 | D:1      | Found Otuips's Weapon Emporium.
  1007 | D:2      | Reached XP level 3. HP: 31/33 MP: 4/7
  1011 | D:2      | Learned a level 3 spell: Frozen Ramparts
  1015 | D:2      | Learned a level 3 spell: Ozocubu's Armour
  1353 | D:2      | Found Atuqif's Antique Armour Boutique.
  1831 | D:3      | Reached XP level 4. HP: 16/42 MP: 1/8
  1998 | D:3      | Reached XP level 5. HP: 43/50 MP: 4/10
  2007 | D:3      | HP: 1/50 [gnoll/+0 spear (5)]
  2114 | D:3      | Reached skill level 1 in Maces & Flails
  2114 | D:3      | Reached skill level 5 in Ice Magic
  2336 | D:3      | Reached XP level 6. HP: 41/61 MP: 11/11
  2694 | D:4      | Found a basalt altar of Yredelemnul.
  2718 | D:4      | Found an ancient bone altar of Kikubaaqudgha.
  2721 | D:4      | Noticed a human
  2722 | D:4      | Killed a human
  3043 | D:4      | Found Jaethreik's Weapon Emporium.
  3360 | D:5      | Entered Level 5 of the Dungeon
  3697 | D:5      | Reached XP level 7. HP: 56/70 MP: 6/13
  3983 | D:5      | Found a shimmering altar of Xom.
  4061 | D:5      | Noticed Menkaure
  4074 | D:5      | Killed Menkaure
  4700 | D:5      | Reached skill level 5 in Fighting
  4700 | D:5      | Reached XP level 8. HP: 80/80 MP: 11/15
  4806 | D:6      | Reached skill level 5 in Spellcasting
  4926 | D:6      | Found Vitius's General Store.
  5038 | D:6      | Found Losullum's Antique Weapon Shoppe.
  5044 | D:6      | Found an opulent altar of Gozag.
  5059 | D:6      | Found Bueluac's Weapon Shoppe.
  5284 | D:6      | Found a radiant altar of Vehumet.
  5503 | D:6      | Identified a scroll of acquirement
  5509 | D:6      | Acquired 721 gold pieces
  5620 | D:2      | Bought a glowing tower shield for 165 gold pieces
  5758 | D:6      | Found Safager's General Store.
  6154 | D:6      | Found a faded altar of an unknown god.
  6154 | D:6      | Found a hazy altar of Hepliaklqana.
  6156 | D:6      | Found a faded altar of an unknown god.
  6622 | D:7      | Found a blossoming altar of Fedhas.
  6674 | D:7      | Reached skill level 5 in Maces & Flails
  6688 | D:7      | Reached XP level 9. HP: 35/92 MP: 9/16
  6945 | D:7      | Found a runed translucent door.
  6946 | D:7      | Noticed Crazy Yiuf
  7069 | D:7      | Found a runed translucent gate.
  7069 | D:7      | Found a runed translucent gate.
  7070 | D:7      | Found a runed translucent gate.
  7070 | D:7      | Noticed yapang's ghost (novice DrCj)
  7134 | D:7      | Found a staircase to the Ecumenical Temple.
  7269 | Temple   | Entered the Ecumenical Temple
  7283 | Temple   | Became a worshipper of Cheibriados the Contemplative
  7371 | D:7      | Killed Crazy Yiuf
  7528 | D:8      | Found a glowing golden altar of the Shining One.
  7646 | D:8      | Reached * piety under Cheibriados
  8598 | D:9      | Noticed a troll
  8606 | D:9      | Killed a troll
  8701 | D:9      | Noticed a centaur warrior
  8717 | D:9      | Killed a centaur warrior
  8717 | D:9      | Reached ** piety under Cheibriados
  8718 | D:9      | Reached XP level 10. HP: 92/104 MP: 7/17
  8929 | D:9      | Noticed a kobold demonologist
  8929 | D:9      | Noticed a kobold demonologist
  8938 | D:9      | Noticed a kobold demonologist
  8940 | D:9      | Noticed a sixfirhy
  8946 | D:9      | Killed a kobold demonologist
  8948 | D:9      | Killed a kobold demonologist
  8952 | D:9      | Killed a kobold demonologist
  9071 | D:9      | Found a white marble altar of Elyvilon.
  9156 | D:9      | Found a shimmering blue altar of Sif Muna.
  9346 | D:9      | Noticed Jeremiah
  9367 | D:9      | Killed Jeremiah
  9388 | D:9      | Reached *** piety under Cheibriados
  9459 | D:9      | Noticed Maurice
  9460 | D:9      | Reached skill level 10 in Ice Magic
  9481 | D:9      | Killed Maurice
  9988 | D:10     | Entered Level 10 of the Dungeon
  9993 | D:10     | Noticed an unseen horror
  9999 | D:10     | Killed an unseen horror
 10000 | D:10     | Reached XP level 11. HP: 117/117 MP: 11/18
 10137 | D:10     | Reached skill level 10 in Fighting
 10141 | D:10     | Reached skill level 10 in Maces & Flails
 10162 | D:10     | Reached **** piety under Cheibriados
 10582 | D:10     | Found a staircase to the Lair.
 10690 | D:10     | Found a runed translucent gate.
 10691 | D:10     | Found a runed translucent gate.
 10693 | D:10     | Found a runed translucent gate.
 10693 | D:10     | Noticed dunhillx's ghost (novice OnAl)
 10723 | D:10     | Found Geakig's Magic Scroll Emporium.
 10904 | D:10     | Bought a scroll of blinking for 112 gold pieces
 10904 | D:10     | Bought a scroll of revelation for 112 gold pieces
 10952 | D:10     | Noticed a cyclops
 10952 | D:10     | Noticed an ogre mage
 10952 | D:10     | Noticed a cyclops
 10952 | D:10     | Noticed a five-headed hydra
 10952 | D:10     | Noticed a tengu warrior
 10952 | D:10     | Noticed a catoblepas
 10952 | D:10     | Noticed an ogre mage
 10952 | D:10     | Noticed a red ugly thing
 10953 | D:10     | Noticed a four-headed hydra
 10953 | D:10     | Noticed a centaur warrior
 10963 | D:10     | Killed a five-headed hydra
 10964 | D:10     | Killed a centaur warrior
 10967 | D:10     | Killed a red ugly thing
 10973 | D:10     | Killed a cyclops
 10976 | D:10     | Killed a cyclops
 10977 | D:10     | Killed a four-headed hydra
 10989 | D:10     | Killed a catoblepas
 10991 | D:10     | Killed an ogre mage
 10995 | D:10     | Killed a tengu warrior
 10996 | D:10     | Reached XP level 12. HP: 77/132 MP: 2/19
 11011 | D:10     | Killed an ogre mage
 11207 | D:10     | Found an iron altar of Okawaru.
 11383 | D:10     | Found a roughly hewn altar of Beogh.
 11440 | Lair:1   | Entered Level 1 of the Lair of Beasts
 11594 | Lair:1   | Reached ***** piety under Cheibriados
 11930 | Lair:1   | Got the Papyrus of Flammable Hurting
 12393 | Lair:2   | Noticed Prince Ribbit
 12410 | Lair:2   | Killed Prince Ribbit
 12517 | Lair:2   | Found a staircase to the Swamp.
 12517 | Lair:2   | Noticed an eleionoma
 12531 | Lair:2   | Killed an eleionoma
 12877 | Lair:2   | Found a hole to the Spider Nest.
 13026 | Lair:2   | Noticed Gastronok
 13051 | Lair:2   | Killed Gastronok
 13092 | Lair:2   | Reached XP level 13. HP: 90/146 MP: 16/24
 13615 | Spider:1 | Entered Level 1 of the Spider Nest
 13643 | Lair:3   | Found a runed translucent gate.
 13643 | Lair:3   | Found a runed translucent gate.
 13646 | Lair:3   | Found a runed translucent gate.
 13649 | Lair:3   | Noticed a minotaur
 13652 | Lair:3   | Noticed bochi's ghost (journeyman OnIE)
 13748 | Lair:3   | Noticed a fire dragon
 13768 | Lair:3   | Killed a fire dragon
 14239 | Lair:3   | Noticed Nergalle
 14262 | Lair:3   | Killed Nergalle
 14262 | Lair:3   | Reached ****** piety under Cheibriados
 14971 | Lair:3   | Identified the ring of Vimnaj {rF+ EV+5}
 15031 | Lair:4   | Found a transporter.
 15164 | Lair:4   | Reached skill level 15 in Fighting
 15951 | D:6      | Bought a manual of Dodging for 1200 gold pieces
 16243 | Lair:4   | Found a transporter.
 16771 | Lair:5   | Entered Level 5 of the Lair of Beasts
 16905 | Lair:5   | Reached skill level 5 in Dodging
 16910 | Lair:5   | Reached skill level 10 in Spellcasting
 16916 | Lair:5   | Reached skill level 15 in Maces & Flails
 17037 | Lair:5   | Found a transporter.
 17039 | Lair:5   | Found a transporter.
 17098 | Lair:5   | Reached XP level 14. HP: 153/159 MP: 28/28
 17179 | Lair:5   | Noticed Urug
 17200 | Lair:5   | Killed Urug
 17377 | Lair:5   | Found a staircase to the Slime Pits.
 18229 | Lair:5   | Found a bloodstained altar of Trog.
 18229 | Lair:5   | Noticed diche's ghost (journeyman DEHu)
 18958 | Lair:5   | Reached skill level 10 in Dodging
 18962 | Lair:5   | Found a corrupted altar of Lugonu.
 18962 | Lair:5   | Found a one-way gate to the infinite horrors of the Abyss.
 19239 | D:10     | Killed dunhillx's ghost
 19286 | D:10     | Identified the +2 cloak "Leagh" {Int+3}
 19480 | D:11     | Found a staircase to the Orcish Mines.
 19603 | Orc:1    | Entered Level 1 of the Orcish Mines
 19745 | Orc:1    | Found a transporter.
 19788 | Orc:2    | Entered Level 2 of the Orcish Mines
 19788 | Orc:2    | Found a staircase to the Elven Halls.
 20349 | Orc:2    | Found Rurili's Book Boutique.
 20349 | Orc:2    | Found Neeful's Antique Armour Shoppe.
 20351 | Orc:2    | Found Kihod's Antique Armour Emporium.
 20353 | Orc:2    | Found Cejaa's Armour Shop.
 20357 | Orc:2    | Bought a book of Battle for 416 gold pieces
 20478 | Orc:2    | Learned a level 7 spell: Manifold Assault
 20764 | Orc:1    | Acquired the +9 giant spiked club "Tofiu" {heavy, rCorr
                  | Dex+2}
 20791 | Orc:1    | Reached skill level 1 in Translocations
 21078 | D:12     | Found a gate leading to a gauntlet.
 21081 | D:12     | Found a portal to a secret trove of treasure.
 21095 | Gauntlet | Entered a Gauntlet
 21095 | Gauntlet | Found a transporter.
 21105 | Gauntlet | Found a transporter.
 21108 | Gauntlet | Found a transporter.
 21109 | Gauntlet | Found a transporter.
 21120 | Gauntlet | Found a transporter.
 21120 | Gauntlet | Found a transporter.
 21121 | Gauntlet | Found a transporter.
 21177 | Gauntlet | Reached XP level 15. HP: 167/167 MP: 27/30
 21269 | Gauntlet | Found a transporter.
 21270 | Gauntlet | Found a transporter.
 21270 | Gauntlet | Found a transporter.
 21413 | Gauntlet | Found a transporter.
 21458 | Gauntlet | Found a transporter.
 21459 | Gauntlet | Found a transporter.
 21483 | Gauntlet | Identified the +2 fire dragon scales of Sunlight {Rampage
                  | rElec rF++ rC- Int-5}
 21708 | D:12     | Noticed Sonja
 21709 | D:12     | Sonja changed into Sonja the yak
 21709 | D:12     | Noticed Sonja
 21717 | D:12     | Killed Sonja the yak
 21771 | D:12     | Found Lazy's Antique Weapon Emporium.
 22467 | D:12     | Found a viscous altar of Jiyva.
 23003 | D:13     | Reached skill level 5 in Translocations
 23330 | D:13     | Found a gate to the Vaults.
 23880 | D:14     | Noticed Snorg
 23926 | D:14     | Killed Snorg
 24251 | D:14     | Paralysed by something for 4 turns
 24577 | D:14     | Reached XP level 16. HP: 179/179 MP: 31/31
 24695 | D:15     | Entered Level 15 of the Dungeon
 25278 | D:15     | Found a staircase to the Depths.
 25923 | Swamp:1  | Entered Level 1 of the Swamp
 26219 | Swamp:1  | Noticed a thorn hunter
 26220 | Swamp:1  | Killed a thorn hunter
 26940 | Swamp:2  | Identified the beast talisman of the Big Bang {rElec Will+
                  | Int+2}
 27103 | Swamp:2  | Noticed a thorn hunter
 27107 | Swamp:2  | Killed a thorn hunter
 27409 | Swamp:3  | Reached skill level 10 in Translocations
 27832 | Swamp:3  | Noticed a fenstrider witch
 27834 | Swamp:3  | Killed a fenstrider witch
 27835 | Swamp:3  | Noticed a fenstrider witch
 27836 | Swamp:3  | Noticed a fenstrider witch
 27837 | Swamp:3  | Killed a fenstrider witch
 27839 | Swamp:3  | Killed a fenstrider witch
 27887 | Swamp:3  | Found a runed translucent door.
 28128 | Swamp:4  | Entered Level 4 of the Swamp
 28309 | Swamp:4  | Reached XP level 17. HP: 80/187 MP: 20/33
 28850 | Swamp:4  | Learned a level 2 spell: Sublimation of Blood
 29072 | Swamp:4  | Identified the +8 sling "Deoqud" {heavy, Str+2}
 29177 | Swamp:4  | Got a decaying rune of Zot
 29191 | Swamp:4  | Acquired a +0 spectral giant spiked club
 30571 | Spider:2 | Reached XP level 18. HP: 196/196 MP: 25/35
 31169 | Spider:3 | Found a runed translucent gate.
 31169 | Spider:3 | Found a runed translucent gate.
 31171 | Spider:3 | Found a runed translucent gate.
 31173 | Spider:3 | Noticed Ammeur's ghost (adept HuFi)
 31794 | Spider:4 | Entered Level 4 of the Spider Nest
 32829 | Spider:4 | Got a gossamer rune of Zot
 33356 | Elf:1    | Entered Level 1 of the Elven Halls
 33395 | Elf:1    | Paralysed by an air elemental for 1 turns
 33552 | Elf:1    | Reached skill level 15 in Spellcasting
 34030 | Elf:1    | Reached XP level 19. HP: 151/204 MP: 23/38
 34318 | Elf:1    | Identified the serpent talisman "Eteywud" {rC- rN+ MP+9
                  | Str+4}
 34318 | Elf:1    | Noticed Aizul
 34323 | Elf:1    | Killed Aizul
 34400 | Elf:1    | Got the Incunabulum of the Missiles
 34790 | Elf:2    | Found Vanuuph's Jewellery Boutique.
 34792 | Elf:2    | Found Faruxzemieff's Book Shoppe.
 34794 | Elf:2    | Found Jacest's Jewellery Boutique.
 34802 | Elf:2    | Bought a manual of Shapeshifting for 1120 gold pieces
 34997 | Elf:2    | Found a runed translucent gate.
 34997 | Elf:2    | Found a runed translucent gate.
 34997 | Elf:2    | Found a runed translucent gate.
 36009 | Elf:3    | Entered Level 3 of the Elven Halls
 36225 | Elf:3    | Found Lantiyc's Weapon Shoppe.
 36371 | Elf:3    | Reached skill level 15 in Translocations
 36380 | Abyss:3  | Cast into level 3 of the Abyss (a deep elf sorcerer)
 36465 | Abyss:3  | Found a corrupted altar of Lugonu.
 36490 | Elf:3    | Escaped the Abyss
 36493 | Elf:3    | Reached XP level 20. HP: 191/210 MP: 21/40
 36620 | Elf:3    | Identified the ring "Ovackem" {rF+ rN+ Dex+6}
 36752 | Elf:3    | Identified the +4 falchion of the Toadstool {flame, Will++}
 36964 | Elf:3    | Identified the amulet of Tyhyibbust {Spirit rF+ rC- Int+5}
 37012 | Elf:3    | Identified the +8 ice dragon scales of the Blizzard {rF-
                  | rC++ Regen+ Int+4 Dex+2}
 37201 | Elf:3    | Identified the staff "Woumar" {*Corrode rPois rF+ Int+8
                  | Dex-3 Fire}
 37207 | Elf:3    | Got the Incunable of Charged Hermetica
 37522 | Vaults:1 | Entered Level 1 of the Vaults
 37579 | Vaults:1 | Paralysed by a formless jellyfish for 1 turns
 37955 | Vaults:1 | Reached skill level 1 in Shapeshifting
 38165 | Vaults:1 | Identified the +4 cloak of Carved the Good {-Tele *Corrode
                  | rPois Regen+}
 38683 | Vaults:2 | Reached skill level 5 in Shapeshifting
 39038 | Vaults:2 | Reached XP level 21. HP: 231/231 MP: 42/42
 39046 | Vaults:2 | Found a staircase to the Crypt.
 41619 | Vaults:3 | Paralysed by a formless jellyfish for 1 turns
 42135 | Vaults:4 | Acquired the +3 crown of Dyrovepreva {rElec Int+2 SInv}
 42135 | Vaults:4 | Found the +3 crown of Dyrovepreva {rElec Int+2 SInv}
 42150 | Vaults:4 | Acquired 336 gold pieces
 42194 | Vaults:4 | Identified the +0 pair of gloves of Defence {rC+ rN+}
 42195 | Vaults:4 | Acquired 551 gold pieces
 42415 | Vaults:4 | Noticed Xtahua
 42419 | Vaults:4 | Killed Xtahua
 42663 | Vaults:4 | Paralysed by a formless jellyfish for 1 turns
 42666 | Vaults:4 | Paralysed by a formless jellyfish for 1 turns
 42668 | Vaults:4 | Reached XP level 22. HP: 190/244 MP: 43/43
 42774 | Vaults:4 | Identified the +4 executioner's axe of Imbalance {heavy,
                  | rN+ Str+2}
 43019 | Vaults:5 | Entered Level 5 of the Vaults
 43025 | Vaults:5 | Reached skill level 10 in Shapeshifting
 43042 | Vaults:5 | Noticed an ancient lich
 43045 | Vaults:5 | Killed an ancient lich
 43246 | Vaults:5 | Noticed a golden dragon
 43252 | Vaults:5 | Killed a golden dragon
 43324 | Vaults:5 | Identified the +5 rapier "Grom" {chaos, Int+3}
 43368 | Vaults:5 | Noticed a golden dragon
 43371 | Vaults:5 | Noticed a dread lich
 43372 | Vaults:5 | Killed a golden dragon
 43377 | Vaults:5 | Killed a dread lich
 43498 | Vaults:5 | Found Athyfru's Antique Weapon Shoppe.
 43574 | Vaults:5 | Identified the +2 cloak of the Eternal Fruit {Str+3 Dex+2}
 43626 | Vaults:5 | Identified the ring "Zetiwku" {rF+++ Str+2 Int+6 Dex-3
                  | Slay+5}
 43728 | Vaults:5 | Noticed an ancient lich
 43729 | Vaults:5 | Killed an ancient lich
 43777 | Vaults:5 | Got a silver rune of Zot
 43877 | Vaults:5 | Reached XP level 23. HP: 257/257 MP: 37/44
 43982 | Vaults:5 | Found the +8 trishula "Condemnation" {holy, anguish, *Noise
                  | Fly rN+}
 43996 | Vaults:5 | Identified the +3 battleaxe "Fauceul" {pain, Dex+6}
 44057 | Vaults:5 | Identified the amulet of Qaraosips {Faith Rampage *Slow
                  | +Inv Will+}
 44072 | Vaults:5 | Found the +8 mithril axe "Arga" {speed, Will+}
 44085 | Vaults:5 | Got the Lessons on Brumal Excavation
 44100 | Vaults:5 | Identified the +2 chain mail of Gallantry {rF+}
 44113 | Vaults:5 | Found the +4 consecrated labrys {holy, Valiant ^Fragile Fly
                  | SInv}
 44117 | Vaults:5 | Identified the +3 giant spiked club "Perytoy" {vamp, rC-
                  | rN+ rCorr SInv}
 44203 | Vaults:5 | Got the Book of Pneumatic Attacks
 44542 | Crypt:1  | Entered Level 1 of the Crypt
 46027 | Crypt:3  | Entered Level 3 of the Crypt
 46251 | Crypt:3  | Found a staircase to the Tomb.
 46685 | Crypt:3  | Reached XP level 24. HP: 229/270 MP: 14/45
 46691 | Crypt:3  | Noticed a curse toe
 46696 | Crypt:3  | Killed a curse toe
 46880 | Crypt:3  | Found a basalt altar of Yredelemnul.
 46896 | Crypt:3  | Found an ancient bone altar of Kikubaaqudgha.
 46964 | Crypt:3  | Identified the staff of Defenestration {rElec rF+ rN+ Dex+5
                  | Necro}
 47775 | Slime:1  | Entered Level 1 of the Pits of Slime
 47780 | Slime:1  | Gained mutation: You are frail. (-10% HP) [a shining eye]
 47780 | Slime:1  | Gained mutation: You are vulnerable to cold. (rC-) [a
                  | shining eye]
 47804 | Slime:1  | Gained mutation: You occasionally lose the ability to drink
                  | potions when taking damage. [a shining eye]
 47806 | Slime:1  | Gained mutation: You are occasionally teleported next to
                  | monsters. [a shining eye]
 47894 | Slime:3  | Paralysed by a formless jellyfish for 1 turns
 47947 | Slime:5  | Entered Level 5 of the Pits of Slime
 48108 | Slime:5  | Noticed the Royal Jelly
 48116 | Slime:5  | Killed the Royal Jelly
 48368 | Slime:5  | Got the Cyclopedia of the Stork
 48386 | Slime:5  | Identified the +3 rapier "Mefer" {distort, rC+}
 48566 | Slime:5  | Identified the +3 battleaxe of Distraction {protect, rPois
                  | Will++ Str+2 Dex-2}
 48568 | Slime:5  | Got a slimy rune of Zot
 48569 | Slime:5  | Identified the +9 halberd of Hepliaklqana's Whim {flame,
                  | rC+ Int+9 Dex+3}
 48578 | Slime:5  | Identified the amulet "Masumo" {Faith Will+ Str+3}
 49031 | Lair:5   | Lost mutation: You are frail. (-10% HP) [potion of
                  | mutation]
 49031 | Lair:5   | Lost mutation: You are occasionally teleported next to
                  | monsters. [potion of mutation]
 49031 | Lair:5   | Lost mutation: You occasionally lose the ability to drink
                  | potions when taking damage. [potion of mutation]
 49031 | Lair:5   | Gained mutation: Your movements are slightly less
                  | encumbered by armour. (ER -2) [potion of mutation]
 49031 | Lair:5   | Gained mutation: You are covered in fur. (AC +1) [potion of
                  | mutation]
 49031 | Lair:5   | Gained mutation: Your spells are a little harder to cast,
                  | but a little more powerful. [potion of mutation]
 49189 | Depths:1 | Entered Level 1 of the Depths
 49326 | Depths:1 | Identified the +0 scale mail of the Abyss {Regen+ Str+6}
 49473 | Depths:1 | Found a gateway to Hell.
 49670 | Depths:1 | You fall into a shaft and drop 1 floor!
 49768 | Depths:2 | Reached XP level 25. HP: 278/287 MP: 34/47
 49899 | Depths:2 | Found Ycsecaut's Book Shoppe.
 49910 | Depths:2 | Learned a level 6 spell: Gell's Gavotte
 50033 | Depths:2 | Found a one-way gate leading to the halls of Pandemonium.
 50214 | Depths:2 | Found Xyitiemex's General Store.
 50222 | Depths:2 | Bought a potion of curing for 42 gold pieces
 50222 | Depths:2 | Bought a potion of heal wounds for 70 gold pieces
 50704 | Depths:2 | Noticed a juggernaut
 50707 | Depths:2 | Killed a juggernaut
 50849 | Depths:2 | Identified the ring of Nusuism {Fire rN+ Str+2}
 51239 | Depths:1 | Noticed the Enchantress
 51240 | Depths:1 | Killed the Enchantress
 51656 | Depths:1 | Found Isomm's Neck Hole.
 51897 | D:12     | You showed the slimy rune of Zot to enter a treasure trove
 51898 | Trove    | Entered a treasure trove
 51900 | Trove    | Found the +8 storm bow {elec, penet}
 51905 | Trove    | Identified the +0 giant club of Ru's Pride {elec, rElec
                  | rCorr}
 51907 | Trove    | Identified the +10 lajatang "Hell-Harrower" {chaos,
                  | *Corrode rPois Int+7 Stlth+}
 51921 | Trove    | Identified the +6 scimitar "Eviscerator" {vamp, Int+2 Dex+3
                  | SInv Stlth+}
 52391 | Depths:3 | Found an iron altar of Okawaru.
 52428 | Depths:3 | Reached skill level 27 in Fighting
 52520 | Depths:3 | Reached XP level 26. HP: 307/314 MP: 29/47
 52520 | Depths:3 | Noticed a juggernaut
 52523 | Depths:3 | Killed a juggernaut
 53087 | Depths:4 | Entered Level 4 of the Depths
 53215 | Depths:4 | Found a one-way gateway to a ziggurat.
 53283 | Depths:4 | Found an ancient bone altar of Kikubaaqudgha.
 53283 | Depths:4 | Found an ornate altar of the Wu Jian Council.
 53285 | Depths:4 | Found a glowing silver altar of Zin.
 53308 | Depths:4 | Identified the ring of Weleus Onigo {Ice *Corrode rElec
                  | Int+7}
 53308 | Depths:4 | Noticed Josephina
 53313 | Depths:4 | Killed Josephina
 53442 | Depths:4 | Reached skill level 27 in Maces & Flails
 53726 | Depths:4 | Got the Information on Ensorcelling
 53861 | Depths:4 | Noticed Parghit
 53870 | Depths:4 | Killed Parghit
 54067 | Depths:4 | Reached skill level 1 in Armour
 54635 | Depths:4 | Found a gate to the Realm of Zot.
 54897 | Zot:1    | Entered Level 1 of the Realm of Zot
 54962 | Zot:1    | Reached XP level 27. HP: 195/323 MP: 27/47
 54980 | Zot:1    | Reached skill level 5 in Armour
 55366 | Zot:1    | Found a stormy altar of Qazlal.
 55787 | Zot:1    | Noticed an orb of fire
 55788 | Zot:1    | Gained mutation: You are weak. (Str -2) [an orb of fire]
 55789 | Zot:1    | Gained mutation: You are vulnerable to heat. (rF-) [an orb
                  | of fire]
 55790 | Zot:1    | Gained mutation: You have hidden genetic potential. [an orb
                  | of fire]
 55791 | Zot:1    | Lost mutation: You have hidden genetic potential. [an orb
                  | of fire]
 55792 | Zot:1    | Killed an orb of fire
 57426 | Zot:3    | Identified the amulet of the Open Hand {Faith rF+ Str+5}
 57580 | Zot:3    | Reached skill level 10 in Armour
 58531 | Zot:4    | Noticed Vv
 58535 | Zot:4    | Killed Vv
 58618 | Zot:4    | Noticed an orb of fire
 58624 | Zot:4    | Killed an orb of fire
 59324 | Zot:4    | Found a basalt altar of Yredelemnul.
 59839 | Zot:5    | Entered Level 5 of the Realm of Zot
 59839 | Zot:5    | Found a corrupted altar of Lugonu.
 60532 | Zot:5    | Noticed an ancient lich
 60538 | Zot:5    | Killed an ancient lich
 60914 | Zot:5    | Noticed an orb of fire
 60918 | Zot:5    | Killed an orb of fire
 61083 | Zot:5    | Noticed a dread lich
 61086 | Zot:5    | Killed a dread lich
 61086 | Zot:5    | Noticed an orb of fire
 61088 | Zot:5    | Killed an orb of fire
 61092 | Zot:5    | Noticed an ancient lich
 61095 | Zot:5    | Killed an ancient lich
 61349 | Zot:5    | Noticed an orb of fire
 61350 | Zot:5    | Gained mutation: Your magical capacity is low. (-10% MP)
                  | [an orb of fire]
 61354 | Zot:5    | Killed an orb of fire
 61355 | Zot:5    | Reached skill level 15 in Armour
 62535 | Tomb:1   | Entered Level 1 of the Tomb of the Ancients
 62963 | Tomb:1   | Noticed a royal mummy
 62964 | Tomb:1   | Noticed a royal mummy
 62968 | Tomb:1   | Killed a royal mummy
 62969 | Tomb:1   | Killed a royal mummy
 62983 | Tomb:1   | Noticed a royal mummy
 62989 | Tomb:1   | Killed a royal mummy
 63576 | Tomb:1   | Got the Guidebook on the Fair Folk
 64116 | Zig:1    | Entered Level 1 of a ziggurat
 64128 | Zig:2    | Entered Level 2 of a ziggurat
 64154 | Zig:3    | Entered Level 3 of a ziggurat
 64163 | Zig:3    | Identified the +4 scale mail "Ofin" {Fly rPois MP+9}
 64180 | Zig:4    | Entered Level 4 of a ziggurat
 64180 | Zig:4    | Found the +6 Majin-Bo {spellvamp, MP+6 Int+6}
 64182 | Zig:4    | Reached skill level 1 in Evocations
 64233 | Zig:5    | Entered Level 5 of a ziggurat
 64234 | Zig:5    | Found the +8 pair of quick blades "Gyre" and "Gimble"
                  | {protect}
 64305 | Zig:5    | Identified the +1 falchion of Aricier {elec, *Rage Int+4
                  | Dex+6 Stlth+}
 64312 | Zig:5    | Identified the +0 ring mail of a bazaar {+Blink Fly rPois
                  | Slay-2}
 64315 | Zig:6    | Entered Level 6 of a ziggurat
 64323 | Zig:6    | Reached skill level 15 in Shapeshifting
 64413 | Zig:7    | Entered Level 7 of a ziggurat
 64472 | Zig:8    | Entered Level 8 of a ziggurat
 64475 | Zig:8    | Noticed an ancient lich
 64476 | Zig:8    | Killed an ancient lich
 64484 | Zig:8    | Reached skill level 5 in Evocations
 64588 | Zig:9    | Entered Level 9 of a ziggurat
 64769 | Zig:9    | Identified the +1 robe of the Disturbing Xeniums {Str+3
                  | Stlth+}
 64800 | Zig:10   | Entered Level 10 of a ziggurat
 64976 | Zig:11   | Entered Level 11 of a ziggurat
 65102 | Zig:11   | Identified the staff "Rannuf" {rElec Str+2 Tloc Air Earth}
 65131 | Zig:12   | Entered Level 12 of a ziggurat
 65241 | Zig:12   | Identified the +9 battleaxe "Zyigeob" {flame, *Corrode
                  | rPois rN+++ Str-4}
 65287 | Zig:13   | Entered Level 13 of a ziggurat
 65410 | Zig:13   | Identified the +11 falchion of Beogh's Felicitations
                  | {protect, rF+ rN+ Int+2}
 65412 | Zig:13   | Identified the ring of Sadwut {Wiz rF+ Str+3}
 65476 | Zig:14   | Entered Level 14 of a ziggurat
 65481 | Zig:14   | Noticed a royal mummy
 65483 | Zig:14   | Noticed a royal mummy
 65486 | Zig:14   | Killed a royal mummy
 65486 | Zig:14   | Noticed a royal mummy
 65486 | Zig:14   | Noticed a royal mummy
 65487 | Zig:14   | Noticed a royal mummy
 65487 | Zig:14   | Noticed a royal mummy
 65488 | Zig:14   | Killed a royal mummy
 65488 | Zig:14   | Noticed a royal mummy
 65489 | Zig:14   | Killed a royal mummy
 65489 | Zig:14   | Killed a royal mummy
 65489 | Zig:14   | Killed a royal mummy
 65492 | Zig:14   | Killed a royal mummy
 65494 | Zig:14   | Killed a royal mummy
 65687 | Zig:14   | Found the +5 Lochaber axe {reach-cleave, Poleaxe ^Drain}
 65709 | Zig:14   | Got the Volume of Glory
 65715 | Zig:14   | Got Further Progress in Spellcraft
 65758 | Zig:15   | Entered Level 15 of a ziggurat
 65830 | Zig:15   | Found the +3 greatsling "Punk" {acid, rCorr}
 65830 | Zig:15   | Found the +8 longbow "Zephyr" {speed, Dex+3 SInv}
 65846 | Zig:15   | Identified the amulet "Horacueda" {Harm Rampage ^Fragile
                  | RegenMP+ Str+2}
 65852 | Zig:15   | Got the Directory of the Dynamic Wendigo
 65855 | Zig:15   | Identified the ring "Rosoto Pucw" {rElec MP+9}
 65920 | Zig:16   | Entered Level 16 of a ziggurat
 66046 | Zig:16   | Identified the ring "Puanluk" {rN+ rCorr Str+4 Int+2 Dex-5}
 66110 | Zig:17   | Entered Level 17 of a ziggurat
 66268 | Zig:17   | Found the +11 Singing Sword {sonic wave}
 66308 | Zig:17   | Identified the ring "Usmuch" {Fire rPois rCorr Str+2 Int-2}
 66322 | Zig:17   | Identified the +2 executioner's axe "Qeha" {spect, rPois
                  | rN++ Str-5 SInv}
 66395 | Zig:18   | Entered Level 18 of a ziggurat
 66538 | Zig:18   | Identified the +10 sling of Infection {drain, rElec rPois
                  | Dex+3}
 66544 | Zig:18   | Identified the +8 rapier of Bautom Tudgh {elec, rPois rC+
                  | rCorr Dex-5}
 66559 | Zig:18   | Identified the +10 quarterstaff of the Grinning Wasp
                  | {freeze, rPois rC- Str-3 Dex+8}
 66619 | Zig:19   | Entered Level 19 of a ziggurat
 66623 | Zig:19   | Paralysed by an air elemental for 1 turns
 66634 | Zig:19   | Reached skill level 10 in Evocations
 66643 | Zig:19   | Gained mutation: Armour fits poorly on your strangely
                  | shaped body. [a cacodemon]
 66725 | Zig:19   | Identified the +6 long sword of the Pits of Slime {heavy,
                  | +Blink Dex+4}
 66731 | Zig:19   | Identified the ring of Xom's Amusement {rPois rC+ Int-2
                  | Dex+5}
 66736 | Zig:19   | Identified the amulet "Pyuqitzy" {Spirit rPois Int+4}
 66737 | Zig:19   | Identified the ring of Yngaxkiw {Fly rC- Int+6}
 66740 | Zig:19   | Identified the ring "Izudghup" {Ice Str+3}
 66835 | Zig:19   | Lost mutation: You are weak. (Str -2) [potion of mutation]
 66835 | Zig:19   | Lost mutation: Your spells are a little harder to cast, but
                  | a little more powerful. [potion of mutation]
 66835 | Zig:19   | Gained mutation: Your health recovers twice as slowly from
                  | being drained. [potion of mutation]
 66835 | Zig:19   | Gained mutation: You have a pair of horns on your head.
                  | [potion of mutation]
 66836 | Zig:19   | Lost mutation: You have a pair of horns on your head.
                  | [potion of mutation]
 66836 | Zig:19   | Lost mutation: Armour fits poorly on your strangely shaped
                  | body. [potion of mutation]
 66836 | Zig:19   | Gained mutation: You have hidden genetic potential. [potion
                  | of mutation]
 66836 | Zig:19   | Gained mutation: You expend magic power (3 MP) to
                  | strengthen your wands. [potion of mutation]
 66837 | Zig:19   | Lost mutation: You are vulnerable to heat. (rF-) [potion of
                  | mutation]
 66837 | Zig:19   | Lost mutation: You are covered in fur. (AC +1) [potion of
                  | mutation]
 66837 | Zig:19   | Lost mutation: You expend magic power (3 MP) to strengthen
                  | your wands. [potion of mutation]
 66837 | Zig:19   | Gained mutation: You are strong-willed. (Will+) [potion of
                  | mutation]
 66838 | Zig:19   | Lost mutation: You are strong-willed. (Will+) [potion of
                  | mutation]
 66838 | Zig:19   | Lost mutation: You have hidden genetic potential. [potion
                  | of mutation]
 66838 | Zig:19   | Lost mutation: You are vulnerable to cold. (rC-) [potion of
                  | mutation]
 66838 | Zig:19   | Gained mutation: Armour fits poorly on your strangely
                  | shaped body. [potion of mutation]
 66838 | Zig:19   | Gained mutation: Your system is resistant to poisons.
                  | (rPois) [potion of mutation]
 66838 | Zig:19   | Gained mutation: Your mind is acute. (Int +4, Str/Dex -1)
                  | [potion of mutation]
 66839 | Zig:19   | Lost mutation: Your magical capacity is low. (-10% MP)
                  | [potion of mutation]
 66839 | Zig:19   | Lost mutation: Your mind is acute. (Int +4, Str/Dex -1)
                  | [potion of mutation]
 66839 | Zig:19   | Gained mutation: You are partially covered in large bone
                  | plates. (SH +4) [potion of mutation]
 66839 | Zig:19   | Gained mutation: You passively map a small area around you.
                  | [potion of mutation]
 66840 | Zig:19   | Lost mutation: Armour fits poorly on your strangely shaped
                  | body. [potion of mutation]
 66840 | Zig:19   | Lost mutation: Your health recovers twice as slowly from
                  | being drained. [potion of mutation]
 66840 | Zig:19   | Gained mutation: Your body sometimes deteriorates upon
                  | taking damage. [potion of mutation]
 66840 | Zig:19   | Gained mutation: Your mind is acute. (Int +4, Str/Dex -1)
                  | [potion of mutation]
 66861 | Zig:20   | Entered Level 20 of a ziggurat
 66906 | Zig:20   | Found the amulet of the Air {Inacc Air Fly rElec RMsl}
 67175 | Zig:20   | Identified the staff of Chagrin {rC+ SInv Ice}
 67176 | Zig:20   | Identified the +1 morningstar of Accidental Termination
                  | {freeze, rC+}
 67180 | Zig:20   | Identified the +7 triple crossbow of the Pits of Slime
                  | {heavy, Int+4 Stlth+}
 67191 | Zig:20   | Identified the +3 broad axe "Qilaom" {holy, rPois Dex+2}
 67277 | Zig:21   | Entered Level 21 of a ziggurat
 67299 | Zig:21   | Lost mutation: Your movements are slightly less encumbered
                  | by armour. (ER -2) [a shining eye]
 67454 | Zig:21   | Identified the ring "Guyg" {Wiz rF+ rC+ Dex+2}
 67472 | Zig:21   | Identified the -1 cloak of Nemelex Xobeh's Regard {Int+3}
 67488 | Zig:21   | Identified the +3 long sword of Eternal War {drain, rElec
                  | rPois rC- rN+}
 67499 | Zig:21   | Identified the +6 long sword "Hepi" {vamp, rElec rCorr
                  | Int+4}
 67503 | Zig:21   | Identified the +10 quarterstaff of the Burnt God {drain,
                  | rF+ rC+ Dex-4}
 67623 | Zig:22   | Entered Level 22 of a ziggurat
 67644 | Zig:22   | Noticed a royal mummy
 67644 | Zig:22   | Noticed a royal mummy
 67645 | Zig:22   | Killed a royal mummy
 67646 | Zig:22   | Noticed a royal mummy
 67648 | Zig:22   | Killed a royal mummy
 67648 | Zig:22   | Noticed a royal mummy
 67649 | Zig:22   | Killed a royal mummy
 67649 | Zig:22   | Noticed a royal mummy
 67651 | Zig:22   | Noticed a royal mummy
 67652 | Zig:22   | Killed a royal mummy
 67653 | Zig:22   | Killed a royal mummy
 67655 | Zig:22   | Killed a royal mummy
 67917 | Zig:22   | Identified the +5 mace "Dyawops Syve" {vamp, rF+ rN+ Int+4
                  | SInv}
 67927 | Zig:22   | Identified the staff of Midnight {rN+ Int+3 Conj}
 67938 | Zig:22   | Identified the +1 great sword of Dasel {spect, Fly}
 67948 | Zig:22   | Identified the ring of Dim Light {rF+ rCorr}
 68083 | Zig:23   | Entered Level 23 of a ziggurat
 68091 | Zig:23   | Paralysed by an air elemental for 1 turns
 68093 | Zig:23   | Reached skill level 15 in Dodging
 68094 | Zig:23   | Paralysed by an air elemental for 1 turns
 68517 | Zig:23   | Identified the ring of Midwinter {rPois rN+}
 68616 | Zig:24   | Entered Level 24 of a ziggurat
 68632 | Zig:24   | Noticed Hotze the pandemonium lord
 68632 | Zig:24   | Noticed Enyomp the pandemonium lord
 68633 | Zig:24   | Noticed Xiur the pandemonium lord
 68633 | Zig:24   | Noticed Asoschu the pandemonium lord
 68635 | Zig:24   | Killed Enyomp the pandemonium lord
 68635 | Zig:24   | Noticed Ymeptuek the pandemonium lord
 68636 | Zig:24   | Noticed Suz Sahem the pandemonium lord
 68636 | Zig:24   | Noticed Fiogal the pandemonium lord
 68637 | Zig:24   | Killed Asoschu the pandemonium lord
 68637 | Zig:24   | Killed Ymeptuek the pandemonium lord
 68638 | Zig:24   | Killed Hotze the pandemonium lord
 68639 | Zig:24   | Killed Xiur the pandemonium lord
 68639 | Zig:24   | Killed Suz Sahem the pandemonium lord
 68640 | Zig:24   | Noticed Ener the pandemonium lord
 68640 | Zig:24   | Noticed Wokefoke the pandemonium lord
 68641 | Zig:24   | Noticed Nuvy the pandemonium lord
 68641 | Zig:24   | Noticed Eppunl Romac the pandemonium lord
 68642 | Zig:24   | Noticed Tutem the pandemonium lord
 68643 | Zig:24   | Killed Tutem the pandemonium lord
 68643 | Zig:24   | Killed Wokefoke the pandemonium lord
 68644 | Zig:24   | Killed Eppunl Romac the pandemonium lord
 68645 | Zig:24   | Killed Ener the pandemonium lord
 68645 | Zig:24   | Noticed Ileekhev the pandemonium lord
 68646 | Zig:24   | Killed Fiogal the pandemonium lord
 68650 | Zig:24   | Killed Nuvy the pandemonium lord
 68673 | Zig:24   | Killed Ileekhev the pandemonium lord
 68674 | Zig:24   | Reached skill level 27 in Spellcasting
 68686 | Zig:24   | Found the ring of the Mage {Wiz Archmagi}
 68901 | Zig:24   | Identified the +9 rapier "Orb Guardian's Death" {chaos,
                  | rCorr Dex+3}
 68920 | Zig:24   | Identified the +4 great sword of Uskayaw's Reproof {speed,
                  | Dex+3 SInv}
 68961 | Zig:25   | Entered Level 25 of a ziggurat
 68981 | Zig:25   | Noticed an ancient lich
 68988 | Zig:25   | Killed an ancient lich
 69000 | Zig:25   | Noticed an ancient lich
 69001 | Zig:25   | Killed an ancient lich
 69322 | Zig:25   | Identified the ring "Tuerun" {Wiz Str+6}
 69331 | Zig:25   | Identified the +5 short sword of Powerful Purpose {flame,
                  | Int+3}
 69336 | Zig:25   | Identified the +2 scimitar of Attainder {spect, rF- Str+6}
 69434 | Zig:26   | Entered Level 26 of a ziggurat
 69454 | Zig:26   | Reached skill level 1 in Necromancy
 69479 | Zig:26   | Reached skill level 5 in Necromancy
 69880 | Zig:26   | Noticed an ancient lich
 69885 | Zig:26   | Killed an ancient lich
 69936 | Zig:26   | Identified the +0 steam dragon scales "Guprunu" {Fly rPois}
 69947 | Zig:26   | Identified the staff "Liohas" {rElec rC+ rN+ Air}
 69954 | Zig:26   | Identified the +1 short sword of Fedhas, Fortifying {elec,
                  | Int+2}
 69955 | Zig:26   | Identified the staff "Tasein" {rPois MP-9 Conj Fire
                  | Alchemy}
 69963 | Zig:26   | Identified the +6 great sword of the Sage {drain, rElec}
 69973 | Zig:26   | Identified the +6 mace "Imoom Ape" {speed, Int+6}
 69985 | Zig:26   | Identified the ring "Caehats" {rPois rF+}
 69993 | Zig:27   | Entered Level 27 of a ziggurat
 70018 | Zig:27   | Reached skill level 10 in Necromancy
 70487 | Zig:27   | Found the +10 morningstar "Eos" {elec, Halo rElec}
 70498 | Zig:27   | Identified the ring "Fixeedgh" {^Contam rF+ Int+2 Stlth+}
 70507 | Zig:27   | Identified the +0 ring mail of the Ghostly God {rC+ Dex+2}
 70519 | Zig:27   | Identified the ring "Sipreir" {rElec Will- Int+6 Dex+6}
 71091 | Tomb:2   | Noticed a royal mummy
 71091 | Tomb:2   | Noticed a royal mummy
 71092 | Tomb:2   | Noticed a royal mummy
 71093 | Tomb:2   | Noticed a royal mummy
 71095 | Tomb:2   | Killed a royal mummy
 71095 | Tomb:2   | Killed a royal mummy
 71098 | Tomb:2   | Killed a royal mummy
 71100 | Tomb:2   | Killed a royal mummy
 71300 | Tomb:2   | Reached skill level 15 in Necromancy
 71509 | Tomb:1   | Noticed a royal mummy
 71511 | Tomb:1   | Noticed a royal mummy
 71512 | Tomb:1   | Killed a royal mummy
 71512 | Tomb:1   | Noticed a royal mummy
 71513 | Tomb:1   | Killed a royal mummy
 71514 | Tomb:1   | Killed a royal mummy
 71517 | Tomb:1   | Noticed a royal mummy
 71518 | Tomb:1   | Learned a level 2 spell: Lesser Beckoning
 71521 | Tomb:1   | Killed a royal mummy
 71565 | Tomb:1   | Noticed a royal mummy
 71568 | Tomb:1   | Killed a royal mummy
 71640 | Tomb:1   | Noticed a royal mummy
 71643 | Tomb:1   | Killed a royal mummy
 71676 | Tomb:1   | Noticed a royal mummy
 71685 | Tomb:1   | Killed a royal mummy
 71751 | Tomb:1   | Noticed a royal mummy
 71755 | Tomb:1   | Killed a royal mummy
 71762 | Tomb:1   | Noticed a royal mummy
 71763 | Tomb:1   | Killed a royal mummy
 71783 | Tomb:1   | Noticed a royal mummy
 71786 | Tomb:1   | Noticed a royal mummy
 71788 | Tomb:1   | Killed a royal mummy
 71791 | Tomb:1   | Killed a royal mummy
 71793 | Tomb:1   | Noticed a royal mummy
 71801 | Tomb:1   | Killed a royal mummy
 72122 | Tomb:3   | Entered Level 3 of the Tomb of the Ancients
 72140 | Tomb:3   | Noticed a royal mummy
 72141 | Tomb:3   | Noticed a royal mummy
 72143 | Tomb:3   | Killed a royal mummy
 72143 | Tomb:3   | Noticed a royal mummy
 72143 | Tomb:3   | Noticed a royal mummy
 72143 | Tomb:3   | Noticed a royal mummy
 72145 | Tomb:3   | Killed a royal mummy
 72145 | Tomb:3   | Killed a royal mummy
 72145 | Tomb:3   | Killed a royal mummy
 72147 | Tomb:3   | Noticed a royal mummy
 72148 | Tomb:3   | Noticed a royal mummy
 72150 | Tomb:3   | Killed a royal mummy
 72153 | Tomb:3   | Killed a royal mummy
 72155 | Tomb:3   | Killed a royal mummy
 72169 | Tomb:3   | Noticed a royal mummy
 72172 | Tomb:3   | Noticed Khufu
 72174 | Tomb:3   | Killed a royal mummy
 72179 | Tomb:3   | Killed Khufu
 72245 | Tomb:3   | Identified the +8 battleaxe "Den Qara" {freeze, Int+3}
 72263 | Tomb:3   | Identified the +8 halberd of the Countless Songs {drain,
                  | *Noise Will+ Stlth+}
 72459 | Tomb:3   | Identified the amulet "Latuink" {Will- Regen+ Str+3 Slay+3}
 72473 | Tomb:3   | Identified the +3 shortbow "Puynniro" {drain, rElec}
 72492 | Tomb:3   | Identified the staff "Newt's Funeral" {^Fragile rPois rC+
                  | Int+6 Ice}
 72546 | Tomb:3   | Got a golden rune of Zot
 73375 | Zot:5    | Got the Orb of Zot
 73554 | Depths:4 | Noticed Sealutos the pandemonium lord
 73565 | Depths:4 | Paralysed by Sealutos for 1 turns
 73580 | Depths:4 | Killed Sealutos the pandemonium lord
 73617 | Depths:4 | Noticed Teatz the pandemonium lord
 73618 | Depths:4 | Killed Teatz the pandemonium lord
 73657 | Depths:4 | Noticed a seraph
 73660 | Depths:4 | Killed a seraph
 73690 | Depths:4 | Noticed Weleett the pandemonium lord
 73694 | Depths:4 | Killed Weleett the pandemonium lord
 74080 | D:6      | Learned a level 9 spell: Death's Door
 74224 | D:$      | Escaped with the Orb!

Illustrated notes

Levels and vault maps discovered:
D:1:      lemuel_arrival_river_ford, layout_rooms, serial_shops,
          nicolae_shop_stone, corexii_leaking_fountain
D:2:      layout_basic, serial_shops, nicolae_shop_stone
D:3:      layout_rooms, serial_glass, glass_columns_c, glass_columns_b,
          glass_columns_a, glass_columns_a, glass_columns_c, glass_columns_b
D:4:      layout_basic, tgw_kikubaaqudgha,
          mainiacjoe_overflow_concentric_impassable, serial_shops, shop,
          supply_closet_lemuel
D:5:      layout_loops_corners, lemuel_doored_altar,
          nicolae_elevator_lobby_asterisk, uniq_menkaure
D:6:      layout_basic, nicolae_hepliaklqana_ecumenical_no_more,
          vehumet_crystals, nicolae_gozag_cash_rules_everything_around_me,
          serial_shops, nicolae_stop_n_shop_2, nicolae_shop_waterfront,
          nicolae_shop_behind_doors, shop
D:7:      layout_rooms, fedhas_bush_and_centaur_altar, temple_hall,
          ebering_ghost_rock_garden, uniq_crazy_yiuf_cottage
D:8:      layout_basic, amcnicky_altar_gilded
D:9:      nzn_winding_woodlands_cross [nzn_winding_woodlands_5x15_cabin,
          nzn_winding_woodlands_5x15_zeroes, nzn_winding_woodlands_5x15_garden,
          nzn_winding_woodlands_5x15_jagged,
          nzn_winding_woodlands_15x15_eel_pit], layout_small_grid,
          mainiacjoe_overflow_paths, nicolae_sif_muna_condensation,
          uniq_jeremiah, uniq_maurice
D:10:     layout_roguey, general_overflow_altar, erik_lair_island,
          biasface_ghost_orc_armoury, serial_shops, nicolae_lakefront_shop,
          minivault_28
D:11:     layout_basic, orc_0_dummy, kennysheep_opposing_triangles
D:12:     layout_gridville, serial_shops, nicolae_lakefront_shop,
          nicolae_trove_entry_crossroad, gauntlet_entry_generic,
          chequers_serial_rivers_micro_d, minmay_misc_feat_tower, jiyva_altar_1,
          uniq_sonja
D:13:     layout_roguey, david_vaults_1, st_stairs_12
D:14:     layout_basic, nicolae_figureground_pulse, minivault_28, uniq_snorg
D:15:     grunt_enter_depths_snipers, layout_loops_ring, grunt_decor_fettered
Temple:   jpeg_temple_clearing
Lair:1:   layout_gridlike, chequers_serial_rivers_micro_b
Lair:2:   layout_gridlike, alex1729_swamp_entry_worm_eleionoma,
          dummy_spider_entry, lemuel_fruit_tree, uniq_gastronok,
          uniq_prince_ribbit2
Lair:3:   dragon1_lemuel, layout_loops_ring, maelrawn_ghost_gauntlet_escape,
          uniq_nergalle
Lair:4:   gammafunk_worm_tunnel, layout_cellular_growth, forest_entry_grove,
          grunt_megastairs_2
Lair:5:   hellmonk_lair_end_abyssal_woods, layout_gridlike, slime_entry_1,
          gammafunk_ghost_wrathful_warriors, uniq_urug
Swamp:1:  layout_falls_marsh, hangedman_swamp_diagram, swamp_pool_3
Swamp:2:  layout_falls_marsh, evilmike_swamp_ruin_rubble_2, swamp_pool_1_2
Swamp:3:  layout_basic_swamp, serial_swamp_ruin, evilmike_swamp_ruin_house_1,
          evilmike_swamp_ruin_house_2, evilmike_swamp_ruin_house_5,
          swamp_pool_1_2, nzn_swamp_weyward_sisters
Swamp:4:  swamp_basic_johnstein, layout_basic_swamp, swamp_pool_4,
          nzn_swamp_blast_mining, nicolae_swamp_decorative_isthmus
Spider:1: layout_spider_delve, drop_trap
Spider:2: layout_spider_delve
Spider:3: layout_spider_delve, gammafunk_ghost_split
Spider:4: guppyfry_spider_rune
Slime:1:  layout_caves
Slime:2:  layout_caves, cheibrodos_slime_lost_civilization_5
Slime:3:  layout_caves
Slime:4:  layout_caves, cheibrodos_slime_lost_civilization_4
Slime:5:  slime_pit_nicolae_trefoil
Orc:1:    emtedronai_trogs_sanctum, layout_caves, minmay_orc_keep
Orc:2:    st_orc_rangers, layout_caves
Elf:1:    nicolae_elf_arrival_fired_up, layout_loops_cross,
          minmay_elf_annihilation, uniq_aizul
Elf:2:    nicolae_elf_blades_splatter_lattice
          [nicolae_blade_entry_hurt_lockers], layout_gridlike,
          serial_sigils_hangedman_shear, minmay_shop_grove
Elf:3:    minmay_elf_hall_quartered_circle, layout_rooms, serial_shops, shop,
          serial_corexii_hall, chequers_hall_statues_wall_a,
          corexii_hall_statues_i, chequers_hall_statues_corner_a,
          corexii_hall_statues_i, nicolae_elf_big_sculpture_3,
          lemuel_flamethrower_1
Vaults:1: hangedman_vaults_stretched_pinwheel, nicolae_vaults_little_squares_2,
          nicolae_vaults_two_Ls, nicolae_vaults_frosty_reception,
          v_alt_pattern_2, vaults_room_semicircle, vaults_dpeg_diagonal,
          vaults_dpeg_encased_lava, layout_vaults_omnigrid
Vaults:2: hangedman_vaults_cutoff, nicolae_vaults_rhombus_5,
          ontoclasm_vaults_spin, vaults_room_ringed_pool,
          nicolae_vaults_closet_pinwheel_6, v_misc_23, grunt_vaults_trifunnel,
          minmay_crypt_entry_skeletal_spiral, vaults_room_large_hall,
          nicolae_vaults_shrinking_rooms_1, nicolae_vaults_closet_pinwheel_3,
          grunt_vaults_focal, ontoclasm_vaults_shuriken, nicolae_vaults_house_3,
          layout_vaults_omnicross
Vaults:3: v_pattern_3, nicolae_vaults_murderbox, grunt_vaults_twisty,
          ontoclasm_vaults_ligature, vaults_room_door_hall,
          nicolae_vaults_closet_pinwheel_5, nicolae_vaults_octothorpe,
          nicolae_vaults_wine_cellar, hangedman_vaults_restitches,
          vaults_dpeg_emergency_exit, layout_vaults_chaotic_city
Vaults:4: serial_library_regret_index_small_wings,
          nicolae_vaults_steering_wheel, vaults_mumra_chevron,
          nicolae_vaults_oval_intersection, v_misc_28,
          hangedman_vaults_river_flow, nicolae_vaults_network_periphery,
          nicolae_vaults_big_ls, nicolae_vaults_closet_pinwheel_1,
          nicolae_vaults_theta, layout_vaults_maze_snakey, uniq_xtahua
Vaults:5
Crypt:1:  layout_basic
Crypt:2:  layout_misc_corridors, feat_on_display, roderic_lattice_octagonal_star
Crypt:3:  lightli_unholy_cathedral, layout_chaotic_city,
          nicolae_tomb_entry_unfolded_pyramid_diagonal, serial_co_window_serial,
          co_window_paths_a, co_window_corner_a, co_window_paths_a,
          co_window_paths_a, co_window_of_opportunity_a, co_window_corner_a,
          co_window_2corner, co_window_unsneaky_path_d, co_window_paths_c,
          co_window_broadway_b, co_window_paths_e, glass_columns_a,
          glass_columns_b, glass_columns_a, glass_columns_a, glass_columns_a
Tomb:1
Tomb:2
Tomb:3
Depths:1: layout_gridlike, regret_index_abyss_entry_already_here,
          grunt_hell_horde, serial_glass, glass_columns_b, glass_columns_a,
          minmay_strange_pillars, unseen_surprise_small, feat_on_display,
          due_unseen_surprise, nicolae_shop_sticking_my_neck_out,
          uniq_enchantress
Depths:2: minmay_nine_rooms, layout_gridlike, nicolae_twisting_strands,
          hangedman_geh_valley, serial_shops, shop, shop,
          rand_demon_pan_entry_9, lemuel_flame_loot_1
Depths:3: minmay_heptahexagon, layout_cave_shapes,
          nicolae_abyss_entry_one_way_or_another, nicolae_zig_zag_zippers,
          hell_entry, okawaru_trees_1
Depths:4: hangedman_slaughterboxes, hell_entry, pan_entry, uniq_parghit,
          uniq_josephina
Zot:1:    lemuel_firehouse, layout_onion_interference,
          regret_index_zotdec_under_construction, regret_index_zotdec_storm_pass
Zot:2:    layout_onion_interference
Zot:3:    layout_misc_corridors
Zot:4:    layout_gridlike, regret_index_zotdec_golden_two_three,
          hangedman_hellfire_club, uniq_vv
Zot:5:    layout_basic, amcnicky_altar_lugonu_corruption

Skill      XL: |  1  2  3  4  5  6  7  8  9 10 11 12 13 14 15 16 17 18 19 20 21 22 23 24 25 26 27 |
---------------+----------------------------------------------------------------------------------+-----
Fighting       | 1 2 3 4 5 6 8 9 12 14 15 16 18 19 20 21 23 27 | 27.0
Ice Magic      | 4 5 6 7 9 10 | 10.0
Spellcasting   | 3 4 5 7 10 11 12 13 15 16 17 18 20 27 | 27.0
Maces & Flails | 1 2 3 5 7 9 12 13 15 16 17 18 20 21 22 23 24 25 26 27 | 27.0
Dodging        | 6 12 21 | 21.4
Translocations | 2 7 10 13 14 15 16 17 18 19 20 22 | 22.7
Shapeshifting  | 6 9 11 12 13 23 | 23.9
Armour         | 4 15 | 15.2
Evocations     | 11 | 11.2
Necromancy     | 21 | 21.0
Stealth        | |  1.4

Action                     |  1- 3 |  4- 6 |  7- 9 | 10-12 | 13-15 | 16-18 | 19-21 | 22-24 | 25-27 || total
---------------------------+-------+-------+-------+-------+-------+-------+-------+-------+-------++-------
  Melee: Unarmed           |    14 |       |       |       |       |       |       |       |       ||    14
         Headbutt          |     4 |     9 |    66 |   107 |   518 |   133 |    53 |    74 |   179 ||  1143
         Flail             |     7 |    58 |    10 |       |       |       |       |       |       ||    75
         Whip              |       |       |   268 |   400 |  1647 |   285 |       |       |       ||  2600
         Giant spiked club |       |       |       |       |       |   561 |   712 |   890 |  3173 ||  5336
  Throw: Dart              |       |       |       |     3 |     1 |       |       |       |       ||     4
         Throwing net      |       |       |       |       |     1 |       |       |       |       ||     1
   Cast: Freeze            |    41 |     3 |       |     7 |       |       |       |       |       ||    51
         Frozen Ramparts   |     3 |    15 |    30 |    46 |    72 |     7 |       |       |       ||   173
         Ozocubu's Armour  |       |     1 |    13 |    30 |    49 |     8 |     1 |     1 |     4 ||   107
         Manifold Assault  |       |       |       |       |       |   203 |   198 |   197 |   626 ||  1224
         Sublimation of Bl |       |       |       |       |       |    32 |     1 |     2 |    38 ||    73
         Gell's Gavotte    |       |       |       |       |       |       |       |       |     1 ||     1
         Lesser Beckoning  |       |       |       |       |       |       |       |       |     8 ||     8
Ability: Begin Untransform |       |       |       |       |       |       |       |       |     1 ||     1
  Evoke: Wand              |       |       |       |    15 |     2 |       |       |       |     6 ||    23
    Use: Scroll            |     1 |     2 |    12 |     6 |    16 |    12 |    11 |     1 |     9 ||    70
         Potion            |       |     3 |       |       |     1 |     3 |       |     6 |    49 ||    62
   Stab: Sleeping          |       |     1 |     2 |       |     9 |     5 |     8 |     3 |       ||    28
         Distracted        |       |       |       |     2 |     1 |     1 |     2 |     2 |     1 ||     9
         Petrifying        |       |       |       |       |     1 |       |       |       |       ||     1
         Invisible         |       |       |       |       |       |       |       |       |    24 ||    24
 Armour: Robe              |    38 |    53 |   339 |   107 |       |       |       |       |       ||   537
         Skin              |       |    22 |       |       |       |       |       |       |    81 ||   103
         Steam dragon scal |       |       |       |   161 |   439 |       |       |       |       ||   600
         Troll leather arm |       |       |       |       |   259 |   303 |    72 |       |       ||   634
         Ice dragon scales |       |       |       |       |       |       |   192 |   326 |   205 ||   723
         Gold dragon scale |       |       |       |       |       |       |       |       |  1116 ||  1116
  Dodge: Dodged            |    45 |    49 |   101 |   103 |   889 |   318 |   392 |   353 |  1050 ||  3300
  Block: Tower shield      |       |       |   175 |   296 |  1254 |   128 |       |       |       ||  1853
         Other             |       |       |       |       |       |       |       |       |    55 ||    55
   Form: Death             |       |       |       |       |       |       |       |       |     3 ||     3
                           |       |       |       |       |       |       |       |       |     1 ||     1

Table legend: (Time is in decaauts)
 A = Elapsed time spent in this place.
 B = Non-inter-level travel time spent in this place.
 C = Inter-level travel time spent in this place.
 D = Time resting spent in this place.
 E = Time spent auto-exploring this place.
 F = Levels seen in this place.
 G = Mean time per level.
                   A        B        C        D        E       F      G
               +--------+--------+--------+--------+--------+-----+--------+
         Total | 112803 |  98210 |  14593 |   2428 |  77219 |  89 | 1267.4 |
       Dungeon |  23451 |  19414 |   4037 |    335 |  15356 |  15 | 1563.4 |
        Temple |     32 |      2 |     30 |      0 |      0 |   1 |   32.0 |
          Lair |  12085 |  10626 |   1459 |    196 |   8407 |   5 | 2417.0 |
         Swamp |   5708 |   5390 |    318 |     17 |   4697 |   4 | 1427.0 |
   Spider Nest |   5732 |   5234 |    498 |    358 |   4191 |   4 | 1433.0 |
    Slime Pits |   2000 |   1824 |    176 |    191 |   1174 |   5 |  400.0 |
  Orcish Mines |   2338 |   2114 |    224 |      0 |   1575 |   2 | 1169.0 |
   Elven Halls |   6312 |   5846 |    466 |    305 |   4558 |   3 | 2104.0 |
        Vaults |  13581 |  11160 |   2421 |    104 |   9442 |   5 | 2716.2 |
         Crypt |   5506 |   4837 |    669 |      0 |   4091 |   3 | 1835.3 |
          Tomb |   4706 |   3901 |    805 |      0 |   3135 |   3 | 1568.7 |
        Depths |  10411 |   8091 |   2320 |    165 |   6361 |   4 | 2602.8 |
           Zot |  11396 |  10231 |   1165 |    686 |   8044 |   5 | 2279.2 |
         Abyss |    167 |    167 |      0 |      0 |     68 |   1 |  167.0 |
      Ziggurat |   8788 |   8788 |      0 |      9 |   5905 |  27 |  325.5 |
         Trove |     57 |     57 |      0 |      0 |      7 |   1 |   57.0 |
      Gauntlet |    526 |    526 |      0 |     62 |    207 |   1 |  526.0 |
               +--------+--------+--------+--------+--------+-----+--------+

Top non-repeatable levels by time:
Vaults:2: 4369 daAuts
Depths:4: 3688 daAuts
   Zot:1: 3305 daAuts
  Lair:5: 3095 daAuts
   Zot:5: 3031 daAuts
  Tomb:1: 2898 daAuts
Depths:2: 2764 daAuts
  Lair:3: 2752 daAuts
 Crypt:3: 2652 daAuts
Depths:1: 2594 daAuts
Vaults:3: 2519 daAuts
    D:10: 2485 daAuts
     D:9: 2478 daAuts
   Elf:2: 2452 daAuts
  Lair:2: 2385 daAuts
